[Event "Early-Titled-Tuesday-Blitz-July-09-2024"]
[Site "Chess.com"]
[Date "2024.07.09"]
[Round "8"]
[White "Shankland"]
[Black "hakanazeri2"]
[Result "1/2-1/2"]
[WhiteElo "2885"]
[BlackElo "2657"]
[TimeControl "180+1"]
[EndTime "9:30:08 PDT"]
[Termination "Game drawn by repetition"]

1. e4 c5 2. Nf3 d6 3. d4 cxd4 4. Nxd4 e6 5. Nc3 a6 6. Be2 b5 7. O-O Bb7 8. b4 Nf6 9. f3 d5 10. e5 Nfd7 11. f4 Bxb4 12. Rf3 Nc6 13. Nxc6 Bxc6 14. Rg3 d4 15. Nb1 Qb6 16. Bd3 g6 17.
Bd2 Bxd2 18. Nxd2 Nc5 19. Qe2 Rd8 20. h4 h5 21. Kh2 Ke7 22. Rd1 Nxd3 23. Rxd3 Rd7 24.
Qf2 Rhd8 25. Nb3 Be4 26. Nxd4 Kf8 27. R3d2 Bxc2 28. Nxe6+ Qxe6 29. Rxd7 Rxd7 30. Rxd7 Qxd7 31. Qxc2 Qd4 32. g3 Kg7 33. Kg2 Qd5+ 34. Kf2 Qh1 35. Ke3 Qg1+ 36. Kf3 Qf1+ 37. Ke3 Qe1+ 38. Kf3 b4 39. Qb2 Kg8 40. Qb3 a5 41. Qc4 Kg7 42. Qd4 Qf1+ 43. Ke3 Qg1+ 44. Ke4 Qg2+ 45. Kd3 Qxg3+ 46. Kc4 Kh7 47. e6 fxe6 48. Qd7+ Kh6 49. Qd6 Qc3+ 50. Kb5 Qf6 51. Kxa5 Qxh4 52. Qf8+ Kh7 53.
Qf7+ Kh6 54. Qf8+ Kh7 55. Qf7+ Kh6 56. Qf8+ 1/2-1/2

[Event "Early-Titled-Tuesday-Blitz-July-09-2024"]
[Site "Chess.com"]
[Date "2024.07.09"]
[Round "8"]
[White "CristianS27"]
[Black "Irina_Mikhaylova"]
[Result "0-1"]
[WhiteElo "2492"]
[BlackElo "2395"]
[TimeControl "180+1"]
[EndTime "9:30:08 PDT"]
[Termination "Irina_Mikhaylova won on time"]

1. e4 c5 2. d4 cxd4 3. Nf3 Nc6 4. Nxd4 e5 5. Nb5 d6 6. N1c3 a6 7. Na3 b5 8. Nd5 Nge7 9. Nxe7 Bxe7 10. g3 O-O 11. Bg2 Bg5 12. c3 Bxc1 13. Rxc1 Be6 14. O-O Rc8 15. b3 Qa5 16. Nc2 Qxc3 17. Ne3 Qb4 18. Qd3 Nd4 19. Rfd1 Rc5 20. Rxc5 Qxc5 21.
h4 Rc8 22. h5 h6 23. Rd2 Qc3 24.
Qxc3 Rxc3 25. Kf1 Rc1+ 26. Rd1 Rc3 27. Ke1 Kf8 28. Kd2 Rc7 29. Kd3 b4 30. Nc4 Bxc4+ 31. bxc4 a5 32. f4 f6 33. Bh3 Ke7 34. g4 a4 35. g5 hxg5 36. fxg5 fxg5 37. Rg1 b3 38. axb3 axb3 39. Rxg5 b2 40. Rxg7+ Kf6 41. Rg1 Rh7 42. Bg4 Rg7 43. h6 Rh7 44. Rh1 Kg5 45. Bd7 Rxh6 46.
Rg1+ Kf6 47. Ba4 Rh3+ 48. Kd2 Ra3 49. Bc2 Nf3+ 0-1

[Event "Early-Titled-Tuesday-Blitz-July-09-2024"]
[Site "Chess.com"]
[Date "2024.07.09"]
[Round "8"]
[White "Iball95"]
[Black "ChessSwole"]
[Result "1-0"]
[WhiteElo "2913"]
[BlackElo "2705"]
[TimeControl "180+1"]
[EndTime "9:30:10 PDT"]
[Termination "Iball95 won by resignation"]

1. e4 e5 2. Nf3 Nc6 3. Nc3 Nf6 4.
Bb5 Nd4 5. Nxd4 exd4 6. e5 dxc3 7. exf6 Qxf6 8. dxc3 Qe5+ 9. Be2 d5 10. O-O Bd6 11.
Bb5+ Kd8 12. g3 c6 13. Re1 Qf6 14. Bd3 Be6 15. Be3 Be5 16. Qh5 h6 17. Bxa7 Bxg3 18.
Bd4 Qh4 19. Qxh4+ Bxh4 20. a4 Kd7 21. a5 Be7 22. f4 f6 23. b4 Bd6 24. f5 Bf7 25. Kg2 Rhe8 26. h3 Rxe1 27. Rxe1 Re8 28. Ra1 Ra8 29. Re1 Re8 30. Ra1 Ra8 31. Rb1 Bc7 32.
Kf3 Bh5+ 33. Kf2 Re8 34. Ra1 Ra8 35. Rg1 Rg8 36. Bxf6 b6 37. axb6 Bxb6+ 38. Bd4 Bxd4+ 39. cxd4 Bf7 40. Ke3 Ke7 41. Ra1 Rb8 42. c3 Rb6 43. Ra7+ Kf6 44. Kf4 g6 45. fxg6 Bxg6 46. Bxg6 Kxg6 47.
Ke5 Kg5 48. Kd6 Kh4 49. Kc5 Rb8 50. Rh7 h5 51. Kxc6 Rc8+ 52. Kxd5 Rxc3 53. b5 Rxh3 54. b6 Rb3 55. b7 Kg3 56. Kc6 h4 57. Kc7 Rc3+ 58.
Kd8 Ra3 59. b8=Q+ 1-0

[Event "Early-Titled-Tuesday-Blitz-July-09-2024"]
[Site "Chess.com"]
[Date "2024.07.09"]
[Round "8"]
[White "Rile-Man"]
[Black "wild3000"]
[Result "1/2-1/2"]
[WhiteElo "2651"]
[BlackElo "2477"]
[TimeControl "180+1"]
[EndTime "9:30:10 PDT"]
[Termination "Game drawn by repetition"]

1. d4 Nf6 2. Bf4 b6 3. e3 Bb7 4.
Nf3 e6 5. Nbd2 Nh5 6. Bg5 Be7 7. Bxe7 Qxe7 8. c3 O-O 9. Bd3 d6 10. Qe2 c5 11. h4 cxd4 12. cxd4 Nc6 13. a3 Rac8 14.
O-O g6 15. Rac1 e5 16. d5 Nb8 17. Bc4 f5 18. Ng5 Ng7 19. g3 Nd7 20. e4 f4 21.
Ba6 Nc5 22. Bxb7 Qxb7 23. b4 Na4 24. Nc4 Qd7 25. Qd3 b5 26. Nd2 h6 27. Ngf3 Nh5 28. Kh2 a6 29. Ng1 fxg3+ 30. fxg3 Qg4 31. Rxf8+ Rxf8 32. Nh3 Nb6 33. Rf1 Rxf1 34. Nxf1 Nc4 35. Nf2 Qd7 36.
Ne3 Nxe3 37. Qxe3 Kg7 38. Qf3 Nf6 39. Kg2 Qc7 40. g4 Qc2 41. Kg3 Qd2 42. Nh3 h5 43. Ng5 hxg4 44. Ne6+ Kf7 45. Nd8+ Ke7 46. Nc6+ Kf7 47. Nd8+ Kg7 48. Ne6+ Kf7 49. Nd8+ 1/2-1/2

[Event "Early-Titled-Tuesday-Blitz-July-09-2024"]
[Site "Chess.com"]
[Date "2024.07.09"]
[Round "8"]
[White "sleeping_in_the_fire"]
[Black "Sasha_Solovev_777"]
[Result "1-0"]
[WhiteElo "2472"]
[BlackElo "2303"]
[TimeControl "180+1"]
[EndTime "9:30:10 PDT"]
[Termination "sleeping_in_the_fire won on time"]

1. e4 c5 2. Nc3 d6 3. f4 Nc6 4.
Nf3 e6 5. Bb5 Ne7 6. O-O a6 7.
Bxc6+ Nxc6 8. d4 cxd4 9. Nxd4 Be7 10. Be3 O-O 11. Qd2 Bf6 12. Rad1 Nxd4 13. Bxd4 Be7 14. f5 Bg5 15. Qe2 exf5 16. exf5 Re8 17. Qf3 Bd7 18.
f6 g6 19. Qxb7 Rb8 20. Qd5 Bh6 21. Qxd6 Bg4 22. Qxd8 Rexd8 23. Be5 Bxd1 24. Bxb8 Bxc2 25. Bf4 Bf8 26. Be3 Rd3 27. Kf2 Rd6 28. Rc1 Bf5 29. Bg5 h6 30. Bh4 g5 31. Bg3 Rxf6 32. Be5 Re6 33.
Bd4 Rd6 34. Rd1 Rxd4 35. Rxd4 Bc5 36. Ke3 Kg7 37. Nd5 Be6 38. Nc7 Bxa2 39. Nxa6 Bb6 40. Ke4 f5+ 41. Ke5 Bxd4+ 42. Kxd4 Kf6 43. Nc7 f4 44. b4 Ke7 45. Nd5+ Kd6 46. Nf6 Bf7 47. b5 h5 48. Ke4 Bg6+ 49. Kd4 g4 50. Ne4+ 1-0

[Event "Early-Titled-Tuesday-Blitz-July-09-2024"]
[Site "Chess.com"]
[Date "2024.07.09"]
[Round "8"]
[White "Hirna2005"]
[Black "NM_Antelacus"]
[Result "1-0"]
[WhiteElo "2411"]
[BlackElo "2282"]
[TimeControl "180+1"]
[EndTime "9:30:11 PDT"]
[Termination "Hirna2005 won on time"]

1. e4 c5 2. Nf3 Nc6 3. c3 d5 4. exd5 Qxd5 5. Na3 Nf6 6. d4 cxd4 7. Bc4 Qe4+ 8. Be3 e6 9. cxd4 Bb4+ 10. Ke2 O-O 11. Nc2 Be7 12. Re1 Rd8 13. Kf1 Qg4 14.
h3 Qh5 15. Ne5 Qxd1 16. Raxd1 Bd7 17. Nxd7 Rxd7 18. a3 Rc8 19. Bd3 Nd5 20. Bc1 Na5 21. Bb5 Rdd8 22. Ne3 a6 23. Nxd5 Rxd5 24. Be2 Nc4 25.
Bf3 Rd7 26. d5 exd5 27. Bxd5 Nb6 28. Be4 Rxd1 29. Rxd1 Rc7 30. Bf4 Rc4 31. Re1 Bf6 32. Bc1 g6 33. Bxb7 Kg7 34. Bxa6 Rc6 35. Bb5 Rc5 36. a4 Nd5 37. Rd1 Nb4 38. Bd2 Nd5 39.
b4 Rc2 40. Be1 Nc3 41. Bxc3 Bxc3 42. Rb1 Bd4 43. Be2 Kf6 44. a5 Ke5 45. b5 Kd6 46. b6 Rb2 47. Rxb2 Bxb2 48. Bc4 f6 49. Bb5 Kc5 50.
Bd7 Be5 51. Ke2 1-0

[Event "Early-Titled-Tuesday-Blitz-July-09-2024"]
[Site "Chess.com"]
[Date "2024.07.09"]
[Round "8"]
[White "KubaGepard"]
[Black "Kombinator01"]
[Result "1-0"]
[WhiteElo "2642"]
[BlackElo "2447"]
[TimeControl "180+1"]
[EndTime "9:30:12 PDT"]
[Termination "KubaGepard won by resignation"]

1. d4 d5 2. Nf3 Nf6 3. c4 c5 4. dxc5 e6 5. e3 Bxc5 6. Nc3 O-O 7. a3 dxc4 8. Qc2 a6 9. Bxc4 b5 10. Bd3 Bb7 11. Ne4 Nxe4 12. Bxe4 Bxe4 13. Qxe4 Nd7 14. b4 Nf6 15. Qh4 Qd3 16. Bb2 Be7 17. Qd4 Rfd8 18. Qxd3 Rxd3 19. Nd4 e5 20. Ke2 e4 21. Rhd1 Rxd1 22. Rxd1 a5 23. Nc6 Bf8 24. Nxa5 Ne8 25. Nc6 Nc7 26. Rd8 Rxd8 27. Nxd8 f5 28. Nc6 Bd6 29. Be5 Bxe5 30. Nxe5 g5 31. Kd2 Kg7 32. Kc3 Kf6 33. Kd4 Ke6 34. Nc6 Kd6 35. Na5 Ne6+ 36. Kc3 h5 37. Nb3 h4 38. Nd4 Ng7 39. Nxb5+ Kd5 40. Nd4 g4 41. g3 h3 42.
a4 Ne8 43. b5 Kc5 44. a5 Nd6 45. a6 Kb6 46. Kb4 Nf7 47. Nxf5 Ne5 48. Nh6 Nd3+ 49. Kc3 Nxf2 50. Kd4 Nh1 51. Nxg4 Ka7 52. Kxe4 Kb6 53. Kf3 Ka7 54. Ke2 Kb6 55. Kf1 Ka7 56. Kg1 Kb6 57.
Kxh1 Ka7 1-0

[Event "Early-Titled-Tuesday-Blitz-July-09-2024"]
[Site "Chess.com"]
[Date "2024.07.09"]
[Round "8"]
[White "manitodeplomo"]
[Black "Byniolus"]
[Result "0-1"]
[WhiteElo "2595"]
[BlackElo "2784"]
[TimeControl "180+1"]
[EndTime "9:30:13 PDT"]
[Termination "Byniolus won on time"]

1. d4 a6 2. e4 d6 3. c4 e6 4. Nc3 g6 5. f4 h6 6. Nf3 c6 7. d5 Bg7 8. Be3 Ne7 9. Bd4 O-O 10.
Bxg7 Kxg7 11. Qd4+ Kh7 12. O-O-O exd5 13. cxd5 cxd5 14.
exd5 Nd7 15. g4 Qb6 16. h3 Qxd4 17. Nxd4 Nf6 18. Bg2 Bd7 19. Rhe1 Rfe8 20. Re2 Kg7 21. Rde1 Kf8 22. Kd2 Rac8 23. a3 Rc5 24. b4 Rc7 25. Bf3 Rc4 26. Kd3 Rec8 27. Rxe7 Rxc3+ 28. Kd2 Bb5 29. R1e3 Rxa3 30. Rxf7+ Kxf7 31. Rxa3 Bc4 32. Rc3 b5 33. Nc6 Re8 34. g5 hxg5 35. fxg5 Nxd5 36. Rxc4 bxc4 37. Bxd5+ Kg7 38. Kc3 Re3+ 39. Kxc4 Rxh3 40.
Nb8 Ra3 41. Bb7 a5 42. b5 Ra1 43. Nc6 a4 44. Kb4 a3 45. Kb3 a2 46. Kb2 Rb1+ 47.
Kxa2 Rxb5 48. Ba8 Rb6 49. Na5 Ra6 50. Kb3 Rxa5 0-1

[Event "Early-Titled-Tuesday-Blitz-July-09-2024"]
[Site "Chess.com"]
[Date "2024.07.09"]
[Round "8"]
[White "EpicWarrior2015"]
[Black "theoneandonlydaaevik"]
[Result "0-1"]
[WhiteElo "2418"]
[BlackElo "2618"]
[TimeControl "180+1"]
[EndTime "9:30:13 PDT"]
[Termination "theoneandonlydaaevik won by checkmate"]

1. e4 g6 2. d4 Bg7 3. Nf3 a6 4. Bd3 b5 5. c3 Bb7 6. Bf4 d6 7. Nbd2 Nd7 8. Bg3 e5 9. dxe5 dxe5 10. Bc2 Qe7 11. Qe2 Ngf6 12. h3 O-O 13. O-O Nh5 14. Bh2 Nf4 15. Bxf4 exf4 16. Rad1 Rfe8 17. a3 Rad8 18.
Rfe1 c5 19. Qf1 c4 20. Nd4 Nc5 21. N2f3 Qc7 22. e5 Bxe5 23. Nxb5 axb5 24. Rxd8 Rxd8 25.
Nxe5 Rd2 26. Re2 Rxc2 27. Rxc2 Qxe5 28. Re2 Qd5 29. f3 Nd3 30. Re8+ Kg7 31. Qe2 Qc5+ 32. Kh2 Bc6 33. Rc8 Qd6 34. b3 cxb3 35. Rxc6 Qxc6 36.
Qxd3 Qc4 37. Qd2 h5 38. Kg1 Qc5+ 39. Kf1 Qxa3 40. Qd4+ Kh7 41. Qxf4 Qe7 42. Qc1 Qa7 43. Qf4 b2 44. Qe4 Qa1+ 45. Kf2 b1=Q 46. Qxb1 Qxb1 47. Kg3 Qb2 48. Kh2 Qxc3 49. Kg1 b4 50. Kh2 b3 51.
Kg3 b2 52. Kh2 b1=Q 53. Kg3 Qcc2 54. Kh2 Qbb2 55. Kg3 Qxg2+ 56. Kh4 Qf6# 0-1

[Event "Early-Titled-Tuesday-Blitz-July-09-2024"]
[Site "Chess.com"]
[Date "2024.07.09"]
[Round "8"]
[White "Nekoo04"]
[Black "Gnechko_Ruslan"]
[Result "1/2-1/2"]
[WhiteElo "2385"]
[BlackElo "2509"]
[TimeControl "180+1"]
[EndTime "9:30:13 PDT"]
[Termination "Game drawn by repetition"]

1. Nf3 Nf6 2. g3 g6 3. Bg2 Bg7 4. O-O O-O 5. d4 d5 6. c4 dxc4 7. Ne5 c5 8. dxc5 Qc7 9. Nxc4 Qxc5 10. b3 Nc6 11. Be3 Qh5 12. Nbd2 Ng4 13. Nf3 Nxe3 14. Nxe3 Bxa1 15. Qxa1 Bg4 16. Rc1 Rac8 17. Nxg4 Qxg4 18.
Qb2 Rfd8 19. h3 Qd7 20. b4 a6 21. a4 Qd6 22. b5 axb5 23. axb5 Nd4 24. Nxd4 Rxc1+ 25.
Qxc1 Qxd4 26. Bxb7 Qa4 27. Qc5 Qd1+ 28. Kg2 Qxe2 29.
Bf3 Qe1 30. b6 e6 31. b7 Qb1 32. Qc8 Qb6 33. h4 h5 34. Qc3 Qa7 35. Qc7 Qb8 36.
Qe7 Kg7 37. Qb4 e5 38. Qe7 Kg8 39. Be2 Re8 40. Qd7 Qd8 41. Qb5 Kf8 42. Bc4 Qd6 43.
Qb3 Qc7 44. Bxf7 Qxf7 45. b8=Q Rxb8 46. Qxb8+ Qe8 47. Qd6+ Kg7 48. Kh2 Kh7 49. f3 e4 50.
fxe4 Qxe4 51. Qd2 Qf5 52. Qb2 Qd3 53. Qf2 Qe4 54. Qf7+ Kh8 55. Qf8+ Kh7 56. Qf7+ Kh8 57. Qf8+ Kh7 58. Qf7+ 1/2-1/2

[Event "Early-Titled-Tuesday-Blitz-July-09-2024"]
[Site "Chess.com"]
[Date "2024.07.09"]
[Round "8"]
[White "bilosuvenosu06"]
[Black "Ordekalog"]
[Result "0-1"]
[WhiteElo "2555"]
[BlackElo "2719"]
[TimeControl "180+1"]
[EndTime "9:30:14 PDT"]
[Termination "Ordekalog won by resignation"]

1. d4 d5 2. c4 e6 3. Nc3 c5 4.
cxd5 exd5 5. Nf3 Nc6 6. e3 Nf6 7. Bb5 a6 8. Bxc6+ bxc6 9. O-O Bg4 10. h3 Bh5 11. b3 Bd6 12. Bb2 cxd4 13. exd4 O-O 14.
Rc1 Ne4 15. Re1 f5 16. Qd3 Qf6 17. Ne5 Qh4 18. Nxe4 fxe4 19. Qe3 Rac8 20. Rc2 Be8 21. Rec1 Rf6 22. a3 Re6 23. b4 Bb8 24. a4 Ba7 25. Qe2 c5 26. dxc5 Bb8 27. Qg4 Qxg4 28. Nxg4 Bxa4 29.
Rd2 Bc6 30. Ne3 Bf4 31. Ra1 Bb7 32. Bd4 Kf7 33. Rda2 Rc7 34. Ra5 Be5 35. Nf5 Bxd4 36. Nxd4 Rg6 37. c6 Bxc6 38. Rc1 Ke7 39. Rxa6 Kd7 40. b5 Bb7 41. Rxc7+ Kxc7 42. Rxg6 hxg6 43. Kf1 Kb6 44. Ke2 Kc5 45. Ke3 Bc8 46. h4 Bd7 47. g3 Bxb5 48. Ne6+ Kd6 49. Nxg7 Ke5 50. f4+ Kf6 51. h5 Kxg7 52. hxg6 Kxg6 53. g4 Kf6 54. Kd4 Bc4 55. Ke3 Ba6 56. Kd4 Bc8 57. Kxd5 e3 58. g5+ Kf5 59. Kd4 e2 0-1

[Event "Early-Titled-Tuesday-Blitz-July-09-2024"]
[Site "Chess.com"]
[Date "2024.07.09"]
[Round "8"]
[White "ilovejokes555"]
[Black "deribas12345"]
[Result "0-1"]
[WhiteElo "2354"]
[BlackElo "2635"]
[TimeControl "180+1"]
[EndTime "9:30:14 PDT"]
[Termination "deribas12345 won on time"]

1. e4 e6 2. d4 d5 3. Nd2 Nf6 4. e5 Ne4 5. Bd3 Nxd2 6. Bxd2 c5 7. c3 Nc6 8. Nf3 Qb6 9. O-O c4 10. Bc2 Qxb2 11. Ng5 h6 12. Nh3 Qa3 13. Qh5 Bd7 14. Ng5 Nd8 15. f4 Qb2 16. Rac1 Be7 17. f5 exf5 18.
e6 Bxe6 19. Nxe6 Nxe6 20. Qxf5 Rf8 21. Qxd5 Nc7 22. Ba4+ b5 23. Qc6+ Kd8 24. Bf4 Rc8 25. Bd1 Qa3 26. Bg4 f5 27. Bh5 Qa5 28. Rce1 Qb6 29. Qxb6 axb6 30. Bf3 b4 31. cxb4 Bxb4 32. Re5 Bd6 33. Rd1 Bxe5 34. dxe5+ Ke7 35. e6 Nxe6 36.
Bd6+ Kf6 37. Bxf8 Nxf8 38. Rd6+ Ke5 39. Rxb6 c3 40. Rb1 c2 41. Rc1 Ne6 42. Bb7 Rc7 43. Ba6 Kd4 44. Kf2 Kc3 45. Ke3 Nd4 46. Bd3 g5 0-1

[Event "Early-Titled-Tuesday-Blitz-July-09-2024"]
[Site "Chess.com"]
[Date "2024.07.09"]
[Round "8"]
[White "DarkPassenger007"]
[Black "tarno17"]
[Result "0-1"]
[WhiteElo "2279"]
[BlackElo "2204"]
[TimeControl "180+1"]
[EndTime "9:30:14 PDT"]
[Termination "tarno17 won by checkmate"]

1. e4 c5 2. Nf3 e6 3. d4 cxd4 4. Nxd4 a6 5. c4 Nf6 6. Nc3 Bb4 7. Bd3 Nc6 8. Nxc6 dxc6 9. O-O e5 10. Bg5 h6 11. Bh4 O-O 12. Bc2 Be6 13. Qe2 Be7 14. Rfd1 Qa5 15. a3 Rad8 16. b4 Qc7 17. c5 a5 18. Na4 axb4 19. axb4 Nh7 20. Bxe7 Qxe7 21.
Nb6 Ng5 22. Nc4 Qf6 23. Nd6 Qg6 24. Kh1 Rd7 25. Rd2 Rfd8 26. Rad1 h5 27. h4 Nh7 28. Nf5 Nf6 29. Rd6 Ng4 30. f3 Nh6 31. Ne7+ Rxe7 32. Rxd8+ Kh7 33. R8d6 Qf6 34. Bb3 Qxh4+ 35. Kg1 Qg3 36. Bxe6 fxe6 37. Rd7 Rxd7 38. Rxd7 h4 39. Rxb7 h3 40. Kh1 h2 41. Rc7 Ng8 42. Rxc6 Nf6 43.
Rxe6 Nh5 44. c6 Nf4 45. Qd2 Nh3 46. gxh3 Qg1# 0-1

[Event "Early-Titled-Tuesday-Blitz-July-09-2024"]
[Site "Chess.com"]
[Date "2024.07.09"]
[Round "8"]
[White "AlphaPerseii"]
[Black "pfalcon1949"]
[Result "1-0"]
[WhiteElo "2425"]
[BlackElo "1902"]
[TimeControl "180+1"]
[EndTime "9:30:15 PDT"]
[Termination "AlphaPerseii won on time"]

1. d4 d5 2. c4 e6 3. Nc3 Nf6 4. Nf3 Be7 5. Bf4 O-O 6. e3 b6 7.
cxd5 Nxd5 8. Nxd5 exd5 9. Qc2 c5 10. Bd3 h6 11. O-O c4 12. Bf5 Nc6 13. a3 Bxf5 14. Qxf5 Bf6 15. Rac1 Ne7 16. Qc2 Rc8 17. Qa4 Ra8 18. b3 cxb3 19. Qxb3 Rc8 20. Qa4 a5 21. Qb5 Re8 22. h3 Ng6 23. Bg3 Ne7 24. Rxc8 Nxc8 25. Rc1 Ne7 26. Bc7 Qc8 27. Qxb6 Qf5 28. Qxa5 Ng6 29.
Bg3 h5 30. Qa4 Rd8 31. Qc2 Qe6 32. Qc7 h4 33. Be5 Nxe5 34. Nxe5 Qe8 35. Rc5 Ra8 36.
Rxd5 Bxe5 37. Rxe5 Qf8 38. Rd5 Qxa3 39. Rd8+ Rxd8 40.
Qxd8+ Kh7 41. Qxh4+ Kg8 42. Qd8+ Kh7 43. Qh4+ Kg8 44.
Qe4 g6 45. Kh2 Qc1 46. Kg3 Qc7+ 47. Qe5 Qc2 48. d5 Qd2 49. d6 f5 50. Qe6+ Kg7 51. Qe7+ Kh6 52. d7 f4+ 53. exf4 Qd3+ 54. Kh2 Qf5 55. Qg5+ 1-0

[Event "Early-Titled-Tuesday-Blitz-July-09-2024"]
[Site "Chess.com"]
[Date "2024.07.09"]
[Round "8"]
[White "Djager97"]
[Black "Chessbard1972"]
[Result "1-0"]
[WhiteElo "2629"]
[BlackElo "2234"]
[TimeControl "180+1"]
[EndTime "9:30:16 PDT"]
[Termination "Djager97 won on time"]

1. e4 c5 2. Nf3 Nc6 3. d4 cxd4 4.
Nxd4 e5 5. Nb5 a6 6. Nd6+ Bxd6 7. Qxd6 Qf6 8. Qxf6 Nxf6 9. Nc3 Nb4 10. Kd2 d5 11. a3 Nc6 12. exd5 Nd4 13. Bd3 O-O 14. b3 Rd8 15. Bb2 Nxd5 16. Nxd5 Rxd5 17. Rae1 Bf5 18.
Bxd4 exd4 19. Re7 b5 20. Rhe1 g6 21. Rc7 Bxd3 22. Kxd3 Rad8 23. Ree7 Rf5 24. f3 Rf6 25. Red7 Rxd7 26. Rxd7 Re6 27. Rxd4 Re1 28. Re4 Rg1 29.
Re2 Ra1 30. Kc3 Rxa3 31. Kb2 b4 32. Re4 a5 33. c3 Kg7 34. cxb4 axb4 35. Rxb4 Ra7 36.
Rd4 Re7 37. Rd2 Rb7 38. Kc3 Kf6 39. b4 Ke6 40. Kc4 h5 41. b5 h4 42. Kc5 Rc7+ 43. Kb6 Rc3 44. h3 Kf5 45. Kb7 Kf4 46. b6 f5 47. Rb2 g5 48. Ka7 Ra3+ 49. Kb8 g4 50. fxg4 fxg4 51. hxg4 Kxg4 52. b7 Kg3 53.
Kc7 1-0

[Event "Early-Titled-Tuesday-Blitz-July-09-2024"]
[Site "Chess.com"]
[Date "2024.07.09"]
[Round "8"]
[White "gafkens"]
[Black "Rosh1610"]
[Result "0-1"]
[WhiteElo "2622"]
[BlackElo "2480"]
[TimeControl "180+1"]
[EndTime "9:30:16 PDT"]
[Termination "Rosh1610 won by resignation"]

1. e4 c5 2. Nf3 d6 3. Bb5+ Nd7 4. d4 cxd4 5. Qxd4 Nf6 6. Nc3 a6 7. Bxd7+ Bxd7 8. Bg5 e5 9. Qd3 Be7 10. Bxf6 Bxf6 11. O-O O-O 12. Qxd6 Bc6 13. Rfd1 Qxd6 14. Rxd6 Be7 15. Rd3 f6 16. Nd5 Bc5 17. c4 a5 18.
a4 Rad8 19. b3 Kf7 20. Rad1 Rd7 21. Nc3 Rfd8 22. Rxd7+ Rxd7 23. Nd5 Ke6 24. Kf1 g6 25. Ke2 h6 26. Nh4 Kf7 27. g3 Bxd5 28. exd5 f5 29. Ng2 Kf6 30. Ne3 e4 31. Nc2 Ke5 32. f4+ Kf6 33.
Nd4 Bxd4 34. Rxd4 b6 35. Ke3 Ke7 36. Rd1 Kd6 37. Kd4 h5 38. Rb1 Re7 39. b4 axb4 40. Rxb4 Kc7 41. Rb3 h4 42. Ra3 hxg3 43. hxg3 Kd6 44.
a5 Ra7 45. Rb3 bxa5 46. c5+ Kd7 47. d6 a4 48. Rb6 a3 49. Kd5 Ra5 50. Rb7+ Kc8 51.
Kc6 Rxc5+ 52. Kxc5 Kxb7 53. d7 Kc7 54. d8=Q+ Kxd8 55.
Kb4 a2 0-1

[Event "Early-Titled-Tuesday-Blitz-July-09-2024"]
[Site "Chess.com"]
[Date "2024.07.09"]
[Round "8"]
[White "sofaceindisguise"]
[Black "TigrVShlyape"]
[Result "0-1"]
[WhiteElo "2769"]
[BlackElo "2981"]
[TimeControl "180+1"]
[EndTime "9:30:17 PDT"]
[Termination "TigrVShlyape won on time"]

1. d4 d5 2. Nf3 Nf6 3. c4 c6 4. Nc3 e6 5. e3 Nbd7 6. Qc2 Bd6 7. Bd3 b6 8. O-O Bb7 9. cxd5 cxd5 10. Bd2 a6 11.
Rfc1 O-O 12. Be1 b5 13. Qe2 Qb8 14. a4 b4 15. Nb1 a5 16. Nbd2 Ne4 17. Nb3 Qd8 18.
h3 Qb6 19. Nfd2 Nef6 20. Bb5 Rfc8 21. f3 h6 22. Bf2 Qd8 23. Rxc8 Rxc8 24. Rc1 Rxc1+ 25.
Nxc1 e5 26. Ncb3 e4 27. f4 Qc7 28. Qd1 g5 29. fxg5 hxg5 30. Qc1 Qxc1+ 31. Nxc1 Bc7 32. Ndb3 Kf8 33. Ne2 Kg7 34. g4 Bc8 35. Bg3 Bb6 36.
Bd6 Nf8 37. Ng3 Ng6 38. Nc5 Nh4 39. Kf2 Kg6 40. Bc6 Be6 41. Be5 Nf3 42. Bd6 Nd2 43. Bb5 Nc4 44. Bxc4 dxc4 45. Ngxe4 Nxe4+ 46. Nxe4 Bd7 47. Bc5 Bd8 48. Ke2 Bxa4 49. Nd6 c3 50.
bxc3 bxc3 51. Kd3 c2 52. Kd2 Bb3 53. Ba3 a4 54. Kc1 Ba5 55. Ne4 f5 56. gxf5+ Kxf5 0-1

[Event "Early-Titled-Tuesday-Blitz-July-09-2024"]
[Site "Chess.com"]
[Date "2024.07.09"]
[Round "8"]
[White "Fh2411"]
[Black "Individoom"]
[Result "0-1"]
[WhiteElo "2586"]
[BlackElo "2759"]
[TimeControl "180+1"]
[EndTime "9:30:17 PDT"]
[Termination "Individoom won on time"]

1. d4 Nf6 2. Nf3 g6 3. Bg5 Bg7 4. e3 h6 5. Bh4 O-O 6. c4 d6 7. Nc3 Nbd7 8. Be2 e5 9. O-O Re8 10. Qc2 exd4 11. Nxd4 Nc5 12. Rad1 Bd7 13. Bf3 Qc8 14. h3 Nh7 15. Nd5 Ng5 16. Qe2 c6 17. Nc3 a5 18. Bg3 Be5 19. Kh2 Bxg3+ 20. Kxg3 d5 21.
Kh2 dxc4 22. Qxc4 Nce6 23. Bg4 Nxd4 24. Rxd4 Bxg4 25. hxg4 Qc7+ 26. Kg1 Rad8 27. Rfd1 Qe7 28. Ne2 Ne6 29. Rxd8 Rxd8 30. Rxd8+ Qxd8 31. Qc2 Qd5 32. a3 Kh7 33. f3 Qe5 34. Kf2 h5 35. gxh5 Qxh5 36.
Qe4 Qb5 37. b4 axb4 38. axb4 Kg7 39. Nf4 Nxf4 40. Qxf4 Qd5 41. Kg3 b6 42. Qc7 Qb5 43. Qd6 c5 44. Qe5+ Kh7 45. Qf6 Qc4 46. bxc5 bxc5 47. e4 Qe6 48. Qh4+ Kg7 49. Qd8 Qc6 50.
e5 c4 51. Qd2 c3 52. Qc2 Qc5 53. Kf4 Qd4+ 54. Kg3 Qd2 55. Qe4 c2 56. Qc6 Qg5+ 57. Kf2 c1=Q 0-1

[Event "Early-Titled-Tuesday-Blitz-July-09-2024"]
[Site "Chess.com"]
[Date "2024.07.09"]
[Round "8"]
[White "BeanScreen"]
[Black "iwanyu"]
[Result "1-0"]
[WhiteElo "2709"]
[BlackElo "2890"]
[TimeControl "180+1"]
[EndTime "9:30:18 PDT"]
[Termination "BeanScreen won by resignation"]

1. e4 e5 2. Nf3 Nc6 3. Bc4 Nf6 4. d3 h6 5. O-O d6 6. c3 g6 7. d4 Bg4 8. d5 Ne7 9. h3 Bd7 10. Bd3 Bg7 11. c4 O-O 12. Nc3 Nh5 13. Nh2 f5 14.
exf5 Nxf5 15. g4 Nd4 16. gxh5 Bxh3 17. Bxg6 Qh4 18. Ne4 Nf3+ 19. Nxf3 Qg4+ 20. Ng3 Rxf3 21. Be4 Raf8 22. Bxf3 Rxf3 23. Qc2 Bxf1 24. Kxf1 Qxg3 25. Qe2 Qh3+ 26. Ke1 Qh1+ 27. Qf1 Qxh5 28. Be3 e4 29. Kd2 Qe5 30. Rb1 b5 31. Qc1 h5 32.
Ke2 h4 33. cxb5 Qxd5 34. Qc2 Qxb5+ 35. Ke1 Qa5+ 36. Kf1 Qf5 37. Ke2 c5 38. Rg1 Qh5 39. Ke1 h3 40. Qxe4 Rf7 41. Qe8+ Kh7 42. Qe4+ Qf5 43.
Qh4+ Kg8 44. Qd8+ Rf8 45. Qg5 Qxg5 46. Rxg5 h2 47. Rh5 Be5 48. f4 Bxf4 49. Bxf4 Rxf4 50. Rxh2 Ra4 51. b3 Ra6 52. Kd1 Kf7 53. Kc1 Ke6 54.
Kb2 d5 55. Rh6+ 1-0

[Event "Early-Titled-Tuesday-Blitz-July-09-2024"]
[Site "Chess.com"]
[Date "2024.07.09"]
[Round "8"]
[White "FGHSMN"]
[Black "atbenina64"]
[Result "1-0"]
[WhiteElo "3007"]
[BlackElo "2819"]
[TimeControl "180+1"]
[EndTime "9:30:19 PDT"]
[Termination "FGHSMN won by resignation"]

1. e4 c5 2. Nf3 d6 3. d4 cxd4 4.
Qxd4 Nc6 5. Qd3 g6 6. Nc3 Bg7 7. Nd5 Bg4 8. Be2 Nf6 9. c3 O-O 10. Bg5 Nd7 11. Rd1 h6 12. Bh4 Re8 13. O-O Nde5 14. Nxe5 Nxe5 15. Qc2 Bxe2 16. Qxe2 Qd7 17. f4 Nc6 18. e5 Rac8 19. Qf2 Qf5 20. Ne3 Qe4 21. exd6 exd6 22. Rfe1 Re6 23. f5 Re5 24. Bg3 Ree8 25. f6 Bf8 26. Nd5 Qg4 27. h3 Qg5 28. Rxe8 Rxe8 29. Bh4 Qf5 30. Qxf5 gxf5 31. Nf4 Ne5 32. Bf2 a6 33. Nd5 Nd7 34. Bd4 Re2 35. c4 h5 36. Nf4 Re4 37. Nxh5 d5 38. Bf2 Rxc4 39. Rxd5 Nb8 40. Rxf5 Nc6 41. b3 Rc2 42. a4 Bd6 43. Bg3 Bxg3 44. Nxg3 Rc3 45. Rg5+ Kf8 46. Nf5 Rxb3 47. Nh6 Ke8 48. Rg8+ Kd7 49. Rg7 Ke6 50.
Rxf7 b5 51. axb5 axb5 52. Rc7 Nd4 53. f7 Rb1+ 54. Kh2 Rf1 55. Rc8 Ke7 56. Re8+ 1-0

[Event "Early-Titled-Tuesday-Blitz-July-09-2024"]
[Site "Chess.com"]
[Date "2024.07.09"]
[Round "8"]
[White "Ykow"]
[Black "Kirill_Klukin"]
[Result "0-1"]
[WhiteElo "2741"]
[BlackElo "2926"]
[TimeControl "180+1"]
[EndTime "9:30:19 PDT"]
[Termination "Kirill_Klukin won by resignation"]

1. e4 c5 2. Nf3 g6 3. c3 d5 4. e5 Bg7 5. d4 cxd4 6. cxd4 a6 7. h3 Nc6 8. Nc3 f6 9. exf6 Nxf6 10. Be3 O-O 11. Be2 Nh5 12. Qd2 Qd6 13. O-O e6 14.
Rfe1 Nf4 15. Rad1 Bd7 16. b3 b5 17. h4 Rac8 18. g3 Nxe2+ 19. Qxe2 Rf5 20. Nb1 Rcf8 21.
Nbd2 Nb4 22. Ne5 Nc2 23. Rf1 Nxe3 24. Qxe3 Bxe5 25. dxe5 Rxe5 26. Qd4 Ref5 27. f4 e5 28.
fxe5 Qxe5 29. Qxe5 Rxe5 30. Rxf8+ Kxf8 31. Nf3 Bg4 32. Nxe5 Bxd1 33. Kf2 Ke7 34. Ke3 Ke6 35. Kd4 Be2 36. b4 Bc4 37. a3 Kf5 38. g4+ Kf4 39. g5 Kg3 40. Nd7 Kxh4 41. Nc5 Kxg5 42. Nxa6 h5 43. Nc5 h4 44. Ke3 Kg4 45. Ne6 h3 46. Kf2 Kf5 47. Nd4+ Ke4 48. Nf3 d4 49. Ng5+ Kf4 50. Nxh3+ Ke4 51. Ng5+ Kd3 52. Nf3 Kc3 53.
Ne5 g5 54. Nf3 d3 55. Ne5 d2 0-1